 Dungeon Crawl Stone Soup version 0.30-a0-1074-g5db6f66fbb (webtiles) character file.

Game seed: 81955902745197642

47 Aneyh the Trooper (level 3, -4/24 HPs)
             Began as a Tengu Fighter on Apr 13, 2023.
             Slain by Sigmund
             ... wielding a +0 scythe of venom
              (7 damage)
             ... on level 2 of the Dungeon.
             The game lasted 00:01:23 (1093 turns).

Aneyh the Trooper (Tengu Fighter)                   Turns: 1093, Time: 00:01:24

Health: -4/24      AC:  7    Str: 18    XL:     3   Next: 70%
Magic:  4/4        EV:  9    Int:  8    God:
Gold:   153        SH:  0    Dex: 13    Spells: 2/2 levels left

rFire   . . .      SeeInvis .    a - +0 flail
rCold   + . .      Faith    .    c - +0 buckler
rNeg    . . .      Spirit   .    g - +1 scale mail {rC+}
rPois   .          Reflect  .    (helmet restricted)
rElec   .          Rampage  .    (no cloak)
rCorr   .                        (no gloves)
Will    .....                    (boots unavailable) Stlth
                                 (no amulet)
HPRegen 0.24/turn                (no ring)
MPRegen 0.09/turn                (no ring)

@: confused, lethally poisoned (-4 -> -13)
A: beak, talons 3
a: no special abilities


You were on level 2 of the Dungeon.
You visited 1 branch of the dungeon, and saw 2 of its levels.

You collected 153 gold pieces.

Inventory:

Hand Weapons
 a - a +0 flail (weapon)
 s - a +2 short sword of venom
 t - a +2 dagger of venom
Armour
 b - a +0 scale mail
 c - a +0 buckler (worn)
 g - a +1 scale mail of cold resistance (worn)
Jewellery
 m - a ring of poison resistance
Scrolls
 e - a scroll of fear {unknown}
 h - a scroll of amnesia {unknown}
 i - 2 scrolls of identify {unknown}
 k - a scroll of poison {unknown}
 n - a scroll of teleportation {unknown}
 p - a scroll of brand weapon {unknown}
 q - a scroll of magic mapping {unknown}
Potions
 d - a potion of might
 f - a potion of curing {unknown}
 j - 2 potions of magic {unknown}
 l - a potion of ambrosia {unknown}
 o - a potion of invisibility {unknown}
 r - a potion of haste {unknown}


   Skills:
 + Level 4.5 Fighting
 - Level 2.1 Maces & Flails
 - Level 3.2 Armour
 - Level 3.0 Shields


You had 2 spell levels left.
You didn't know any spells.
Your spell library was empty.

Dungeon Overview and Level Annotations

Branches:
Dungeon (2/15)

Altars:

Annotations:
D:2 Sigmund


Innate Abilities, Weirdness & Mutations

You have a beak for a mouth.
You have claws for feet.


Message History

Found a pair of embroidered boots.
Found a stone staircase leading up.
You block the giant cockroach's attack.
You hit the giant cockroach.
The giant cockroach is heavily wounded.
The giant cockroach bites you but does no damage.
You sock the giant cockroach!
You kill the giant cockroach!
Things that are here:
a +2 dagger of venom; a goblin corpse
t - a +2 dagger of venom
Found a stone staircase leading up.
You now have 145 gold pieces (gained 12).
There is a stone staircase leading up here.
You now have 153 gold pieces (gained 8).
Sigmund and a rat come into view.
Sigmund is wielding a +0 scythe of venom.
Sigmund shouts!
There are monsters nearby!
Sigmund mumbles some strange words.
Sigmund flickers and vanishes!
Deactivating autopickup; reactivate with Ctrl-A.
You are confused.
The rat bites you but does no damage.
You hear some strange, mumbled words.
You are more confused.
The rat attacks as you move away! The rat bites you.
Something hits you but does no damage.
You are poisoned.
You sock the rat!
You kill the rat!
You feel very sick. Something hits you!
You are lethally poisoned!
You're too confused to move!
You feel very sick.
* * * LOW HITPOINT WARNING * * *
You feel very sick.
* * * LOW HITPOINT WARNING * * *
You feel sick. Something hits you!
You die...

............#.#.###..#
.....†........#.....#
.##.............##..#
.##................#
###..........#....##
##..#..##<#..#..#
........#........####
.#..........#..†.....#
................@....#
...........##........#
###............<.....#
#.####...#.........#
#.#....#....=...
...#.........#.
..##########..... ..
#...


There were no monsters in sight!

Vanquished Creatures
  An adder (D:2)
  A worm (D:2)
  A dart slug (D:1)
  5 ball pythons
  2 bats (D:1)
  3 giant cockroaches
  A goblin (D:2)
  5 hobgoblins
  4 kobolds (D:1)
  2 quokkas (D:1)
  A frilled lizard (D:2)
  3 rats
29 creatures vanquished.

Notes
Turn   | Place    | Note
-------+----------+-------------------------------------------
     0 | D:1      | Aneyh the Tengu Fighter began the quest for the Orb.
     0 | D:1      | Reached XP level 1. HP: 14/14 MP: 2/2
    87 | D:1      | Reached XP level 2. HP: 19/19 MP: 3/3
   652 | D:1      | Reached skill level 4 in Fighting
   742 | D:1      | Reached XP level 3. HP: 24/24 MP: 4/4
  1082 | D:2      | Noticed Sigmund
  1093 | D:2      | Slain by Sigmund

Illustrated notes

Levels and vault maps discovered:
D:1:      giann_forest_graveyard, layout_basic, chequers_serial_rivers_micro_c
D:2:      layout_rooms, grunt_decor_resistance, chequers_avenue, uniq_sigmund

Skill      XL: |  1  2 |
---------------+-------+-----
Fighting       | 4 |  4.5
Maces & Flails | |  2.1
Armour         | |  3.2
Shields        | |  3.0

Action                     || total
---------------------------++-------
  Melee: Flail             ||    58
         Kick              ||    13
         Peck              ||     7
 Armour: Scale mail        ||    34
  Dodge: Dodged            ||    27
  Block: Buckler           ||    20

Table legend: (Time is in decaauts)
 A = Elapsed time spent in this place.
 B = Non-inter-level travel time spent in this place.
 C = Inter-level travel time spent in this place.
 D = Time resting spent in this place.
 E = Time spent auto-exploring this place.
 F = Levels seen in this place.
 G = Mean time per level.
                   A        B        C        D        E       F      G
               +--------+--------+--------+--------+--------+-----+--------+
         Total |   1113 |   1074 |     39 |     54 |    808 |   2 |  556.5 |
       Dungeon |   1113 |   1074 |     39 |     54 |    808 |   2 |  556.5 |
               +--------+--------+--------+--------+--------+-----+--------+

Top non-repeatable levels by time:
     D:1: 821 daAuts
     D:2: 291 daAuts
